TOP OF THE 1ST |
Red Deer Wranglers batting - Pitching for Bismarck Barons : RHP Oscar Murray
|
Pitching: RHP Oscar Murray
|
|
Batting: LHB Francisco Blanco
|
0-0: Ball 1-0: Ball 2-0: Ball 3-0: Called Strike 3-1: Called Strike 3-2: Base on Balls
|
Batting: RHB Xavier López
|
0-0: Ball 1-0: Called Strike 1-1: Ball 2-1: Swinging Strike 2-2: Strikes out swinging
|
Batting: RHB Julián García
|
0-0: Ball Throwing error on steal attempt, E2 Francisco Blanco to third 1-0: Ball 2-0: Ball 3-0: Called Strike 3-1: Foul Ball, location: 2F 3-2: Foul Ball, location: 2F 3-2: Fly out, F8 (Flyball, 8RD) Runner from 3rd tags up, SCORES, throw made
|
Pitching: RHP Alex Hicks
|
|
Batting: RHB Steve Burton
|
0-0: Swinging Strike 0-1: Ball 1-1: Ball 2-1: Ball 3-1: Foul Ball, location: 2F 3-2: SINGLE (Line Drive, 6M)
|
Batting: LHB Jorge Olvera
|
0-0: Foul Ball, location: 2F 0-1: Called Strike 0-2: Ball 1-2: Ball Steve Burton steals 2nd base 2-2: Fly out, F4 (Popup, 4S)
|
Top of the 1st over - 1 run, 1 hit, 1 error, 1 left on base; Red Deer 1 - Bismarck 0 |
BOTTOM OF THE 1ST |
Bismarck Barons batting - Pitching for Red Deer Wranglers : RHP Alex Phillips
|
Pitching: RHP Alex Phillips
|
|
Batting: RHB Gary Roberts
|
0-0: Ground out 5-3 (Groundball, 56)
|
Batting: RHB Juan Martínez
|
0-0: Called Strike 0-1: Ground out 6-3 (Groundball, 6S)
|
Batting: RHB Dave Anderson
|
0-0: Ball 1-0: Swinging Strike 1-1: Foul Ball, location: 2F 1-2: Strikes out swinging
|
Bottom of the 1st over - 0 runs, 0 hits, 0 errors, 0 left on base; Red Deer 1 - Bismarck 0 |
TOP OF THE 2ND |
Red Deer Wranglers batting - Pitching for Bismarck Barons : RHP Alex Hicks
|
Batting: RHB Ben Fisher
|
0-0: Called Strike 0-1: Ball 1-1: SINGLE (Popup, 6MD)
|
Batting: RHB Allen Brown
|
0-0: Ball 1-0: Ball 2-0: Ball 3-0: Base on Balls Ben Fisher to second
|
Batting: RHB Art Cameron
|
0-0: Ball 1-0: Ball 2-0: Fly out, F9 (Flyball, 9S)
|
Batting: RHB Valentín Reyes
|
0-0: Called Strike 0-1: Grounds into double play, 5-4-3 (Groundball, 5)
|
Top of the 2nd over - 0 runs, 1 hit, 0 errors, 1 left on base; Red Deer 1 - Bismarck 0 |
BOTTOM OF THE 2ND |
Bismarck Barons batting - Pitching for Red Deer Wranglers : RHP Alex Phillips
|
Batting: LHB Paul Lee
|
0-0: Called Strike 0-1: Foul Ball, location: 2F 0-2: Ball 1-2: Fly out, F9 (Flyball, 9LS)
|
Batting: RHB Luis Cherena
|
0-0: Ball 1-0: SOLO HOME RUN (Line Drive, 7D), Distance : 361 ft
|
Batting: RHB Carlos García
|
0-0: Ball 1-0: Ball 2-0: Called Strike 2-1: Called Strike 2-2: Foul Ball, location: 2F 2-2: Ball 3-2: Base on Balls
|
Batting: RHB Vincente Ramírez
|
0-0: Called Strike Carlos García steals 2nd base 0-1: Ground out 4-3 (Groundball, 4M) Carlos García to third
|
Batting: RHB Chet White
|
0-0: Ground out 6-3 (Groundball, 56)
|
Bottom of the 2nd over - 1 run, 1 hit, 0 errors, 1 left on base; Red Deer 1 - Bismarck 1 |
TOP OF THE 3RD |
Red Deer Wranglers batting - Pitching for Bismarck Barons : RHP Alex Hicks
|
Batting: LHB Francisco Blanco
|
0-0: Ball 1-0: SINGLE (Line Drive, 56D)
|
Batting: RHB Xavier López
|
0-0: Called Strike 0-1: Ball 1-1: Grounds into double play, 6-4-3 (Groundball, 6)
|
Batting: RHB Julián García
|
0-0: Called Strike 0-1: Ball 1-1: Swinging Strike 1-2: Foul Ball, location: 2F 1-2: Ball 2-2: Ground out 4-3 (Groundball, 4)
|
Top of the 3rd over - 0 runs, 1 hit, 0 errors, 0 left on base; Red Deer 1 - Bismarck 1 |
BOTTOM OF THE 3RD |
Bismarck Barons batting - Pitching for Red Deer Wranglers : RHP Alex Phillips
|
Batting: RHB Jason Smith
|
0-0: Foul Ball, location: 2F 0-1: Ground out 6-3 (Groundball, 6M)
|
Batting: RHB Gary Roberts
|
0-0: Ball 1-0: Ball 2-0: Ball 3-0: Called Strike 3-1: Base on Balls
|
Batting: RHB Juan Martínez
|
0-0: Called Strike 0-1: Foul Ball, location: 2F 0-2: Ball 1-2: Strikes out swinging
|
Batting: RHB Dave Anderson
|
0-0: Ball 1-0: Ball 2-0: Called Strike 2-1: Foul Ball, location: 2F 2-2: Foul Ball, location: 2F 2-2: Foul Ball, location: 2F 2-2: Ball 3-2: SINGLE (Line Drive, 5L) Gary Roberts to second Gary Roberts to third
|
Batting: LHB Paul Lee
|
0-0: Called Strike 0-1: Ball 1-1: Called Strike 1-2: Ball 2-2: 3-RUN HOME RUN (Flyball, 7D), Distance : 352 ft
|
Batting: RHB Luis Cherena
|
0-0: Ball 1-0: Called Strike 1-1: Ball 2-1: SINGLE (Line Drive, 8LS)
|
Batting: RHB Carlos García
|
0-0: Foul Ball, location: 2F 0-1: Ball Wild Pitch! Luis Cherena to second 1-1: Ball 2-1: Ball 3-1: Called Strike 3-2: Ground out 1-3 (Groundball, 13)
|
Bottom of the 3rd over - 3 runs, 3 hits, 0 errors, 1 left on base; Red Deer 1 - Bismarck 4 |
TOP OF THE 4TH |
Red Deer Wranglers batting - Pitching for Bismarck Barons : RHP Alex Hicks
|
Batting: RHB Steve Burton
|
0-0: Foul Ball, location: 2F 0-1: Swinging Strike 0-2: Ball 1-2: SOLO HOME RUN (Flyball, 8LXD), Distance : 397 ft
|
Batting: LHB Jorge Olvera
|
0-0: Ball 1-0: Called Strike 1-1: Fly out, F5 (Popup, 56S)
|
Batting: RHB Ben Fisher
|
0-0: Ball 1-0: Swinging Strike 1-1: Called Strike 1-2: Foul Ball, location: 2F 1-2: SOLO HOME RUN (Flyball, 8RXD), Distance : 395 ft
|
Batting: RHB Allen Brown
|
0-0: Called Strike 0-1: Called Strike 0-2: Ball 1-2: Foul Ball, location: 2F 1-2: Strikes out swinging
|
Batting: RHB Art Cameron
|
0-0: Ball 1-0: Called Strike 1-1: Foul Ball, location: 2F 1-2: Strikes out looking
|
Top of the 4th over - 2 runs, 2 hits, 0 errors, 0 left on base; Red Deer 3 - Bismarck 4 |
BOTTOM OF THE 4TH |
Bismarck Barons batting - Pitching for Red Deer Wranglers : RHP Alex Phillips
|
Batting: RHB Vincente Ramírez
|
0-0: Called Strike 0-1: Ground out U3 (Groundball, 34S)
|
Batting: RHB Chet White
|
0-0: Called Strike 0-1: Ball 1-1: Ball 2-1: Called Strike 2-2: Strikes out looking
|
Batting: RHB Jason Smith
|
0-0: Foul Ball, location: 2F 0-1: Reached via error on a dropped throw, E3
|
Batting: RHB Gary Roberts
|
Pickoff Throw to First - Error! E1 Jason Smith to second 0-0: Called Strike Jason Smith is caught stealing 3rd base
|
Bottom of the 4th over - 0 runs, 0 hits, 2 errors, 0 left on base; Red Deer 3 - Bismarck 4 |
TOP OF THE 5TH |
Red Deer Wranglers batting - Pitching for Bismarck Barons : RHP Alex Hicks
|
Batting: RHB Valentín Reyes
|
0-0: Ball 1-0: Foul Ball, location: 2F 1-1: Ball 2-1: Called Strike 2-2: Strikes out swinging
|
Batting: LHB Francisco Blanco
|
0-0: SINGLE (Groundball, 34) (infield hit)
|
Batting: RHB Xavier López
|
0-0: Called Strike 0-1: Fielders Choice at 2nd, 6-4 (Groundball, 6)
|
Batting: RHB Julián García
|
0-0: Ball 1-0: DOUBLE (Flyball, 78XD) Xavier López to third Runner from 3rd tries for Home, SAFE, no throw
|
Batting: RHB Steve Burton
|
0-0: Swinging Strike 0-1: SINGLE (Line Drive, 6D) Julián García to third Runner from 3rd tries for Home, SAFE, no throw
|
Pitching: RHP Alfonso Villa
|
|
Batting: LHB Jorge Olvera
|
0-0: Ball 1-0: Ball 2-0: Ball Passed Ball! Steve Burton to second 3-0: Called Strike 3-1: Swinging Strike 3-2: Ground out 1-3 (Groundball, 13S)
|
Top of the 5th over - 2 runs, 3 hits, 0 errors, 1 left on base; Red Deer 5 - Bismarck 4 |
BOTTOM OF THE 5TH |
Bismarck Barons batting - Pitching for Red Deer Wranglers : RHP Alex Phillips
|
Batting: RHB Gary Roberts
|
0-0: Ball 1-0: Ball 2-0: Ball 3-0: Called Strike 3-1: Foul Ball, location: 2F 3-2: Foul Ball, location: 2F 3-2: Base on Balls
|
Batting: RHB Juan Martínez
|
0-0: SINGLE (Line Drive, 34D) Gary Roberts to second Runner from 2nd tries for 3rd, SAFE, no throw
|
Batting: RHB Dave Anderson
|
0-0: Called Strike 0-1: SINGLE (Groundball, 4M) (infield hit) Gary Roberts scores Juan Martínez to second
|
Pitching: RHP Pat Ferson
|
|
Batting: LHB Paul Lee
|
0-0: SINGLE (Line Drive, 34) Juan Martínez to third Dave Anderson to second Runner from 3rd tries for Home, SAFE, throw made home
|
Batting: RHB Luis Cherena
|
0-0: Called Strike 0-1: Ball 1-1: Foul Ball, location: 2F 1-2: Strikes out swinging
|
Batting: RHB Carlos García
|
0-0: Foul Ball, location: 2F 0-1: Foul Ball, location: 2F 0-2: Strikes out swinging
|
Batting: RHB Vincente Ramírez
|
0-0: Called Strike 0-1: Foul Ball, location: 2F 0-2: Ball 1-2: Strikes out swinging
|
Bottom of the 5th over - 2 runs, 3 hits, 0 errors, 2 left on base; Red Deer 5 - Bismarck 6 |
TOP OF THE 6TH |
Red Deer Wranglers batting - Pitching for Bismarck Barons : RHP Alfonso Villa
|
Batting: RHB Ben Fisher
|
0-0: Called Strike 0-1: Ball 1-1: Ball 2-1: Ball 3-1: Called Strike 3-2: Foul Ball, location: 2F 3-2: Strikes out swinging
|
Batting: RHB Allen Brown
|
0-0: Ball 1-0: Ball 2-0: Swinging Strike 2-1: SINGLE (Groundball, 34D)
|
Batting: RHB Art Cameron
|
0-0: Called Strike 0-1: Ball 1-1: Ball 2-1: Ground out 3-1 (Groundball, 34S) Allen Brown to second
|
Batting: RHB Valentín Reyes
|
0-0: Ball 1-0: Ground out 6-3 (Groundball, 6)
|
Top of the 6th over - 0 runs, 1 hit, 0 errors, 1 left on base; Red Deer 5 - Bismarck 6 |
BOTTOM OF THE 6TH |
Bismarck Barons batting - Pitching for Red Deer Wranglers : RHP Pat Ferson
|
Batting: RHB Chet White
|
0-0: Called Strike 0-1: Ball 1-1: Foul Ball, location: 2F 1-2: Strikes out swinging
|
Batting: RHB Jason Smith
|
0-0: Ball 1-0: Ball 2-0: Ball 3-0: Called Strike 3-1: Foul Ball, location: 2F 3-2: Strikes out swinging
|
Batting: RHB Gary Roberts
|
0-0: Fly out, F7 (Flyball, 7D)
|
Bottom of the 6th over - 0 runs, 0 hits, 0 errors, 0 left on base; Red Deer 5 - Bismarck 6 |
TOP OF THE 7TH |
Red Deer Wranglers batting - Pitching for Bismarck Barons : RHP Alfonso Villa
|
Batting: LHB Francisco Blanco
|
0-0: Ball 1-0: Ball 2-0: Called Strike 2-1: Ground out U3 (Groundball, 3)
|
Batting: RHB Xavier López
|
0-0: Called Strike 0-1: Foul Ball, location: 2F 0-2: Ball 1-2: Foul Ball, location: 2F 1-2: Ball 2-2: SINGLE (Groundball, 56D)
|
Batting: RHB Julián García
|
0-0: Ball Throwing error on steal attempt, E2 Xavier López to third 1-0: Called Strike 1-1: Ball 2-1: SINGLE (Groundball, 6MD) Xavier López scores
|
Batting: RHB Steve Burton
|
0-0: Foul Ball, location: 2F 0-1: Ball 1-1: Ball 2-1: Foul Ball, location: 2F 2-2: Strikes out swinging
|
Batting: LHB Jorge Olvera
|
0-0: Ball 1-0: Called Strike 1-1: Ball 2-1: Ball 3-1: Called Strike 3-2: Ground out 4-3 (Groundball, 4MD)
|
Top of the 7th over - 1 run, 2 hits, 1 error, 1 left on base; Red Deer 6 - Bismarck 6 |
BOTTOM OF THE 7TH |
Bismarck Barons batting - Pitching for Red Deer Wranglers : RHP Pat Ferson
|
Batting: RHB Juan Martínez
|
0-0: Ground out 5-3 (Groundball, 56)
|
Pinch Hitting: LHB Ralph Jackson
|
0-0: Called Strike 0-1: SINGLE (Groundball, 34D)
|
Pitching: LHP Macy Catron
|
|
Pinch Hitting: RHB Terry Perkins
|
0-0: Ball 1-0: Ball 2-0: SINGLE (Groundball, 56D) Ralph Jackson to second
|
Pitching: RHP Bernardo García
|
|
Batting: RHB Luis Cherena
|
0-0: Fielders Choice at 3rd, U5 (Groundball, 5L) Terry Perkins to second
|
Batting: RHB Carlos García
|
0-0: Ball 1-0: Ground out 3-1 (Groundball, 34S)
|
Bottom of the 7th over - 0 runs, 2 hits, 0 errors, 2 left on base; Red Deer 6 - Bismarck 6 |
TOP OF THE 8TH |
Red Deer Wranglers batting - Pitching for Bismarck Barons : RHP Alfonso Villa
|
Now in CF: Pedro García
|
|
Now in RF: Ralph Jackson
|
|
Pinch Hitting: SHB Robbie Rhodes
|
0-0: Ball 1-0: Ball 2-0: Swinging Strike 2-1: Foul Ball, location: 2F 2-2: Ball 3-2: Base on Balls
|
Batting: RHB Allen Brown
|
0-0: Called Strike 0-1: Foul Ball, location: 2F 0-2: Strikes out looking
|
Batting: RHB Art Cameron
|
0-0: Ball 1-0: Ball 2-0: Ball 3-0: Called Strike 3-1: Called Strike 3-2: Ground out 5-3 (Groundball, 56) Robbie Rhodes to second
|
Pitching: RHP Jorge Ruíz
|
|
Pinch Hitting: RHB Rijk de Rade
|
0-0: Called Strike 0-1: Ball 1-1: SINGLE (Line Drive, 6D) Robbie Rhodes to third Runner from 3rd tries for Home, throw and OUT!
|
Top of the 8th over - 0 runs, 1 hit, 0 errors, 1 left on base; Red Deer 6 - Bismarck 6 |
BOTTOM OF THE 8TH |
Bismarck Barons batting - Pitching for Red Deer Wranglers : RHP Bernardo García
|
Now at 3B: Robbie Rhodes
|
|
Now in RF: Eric Adams
|
|
Batting: RHB Vincente Ramírez
|
0-0: Swinging Strike 0-1: Foul Ball, location: 2F 0-2: Ball 1-2: Foul Ball, location: 2F 1-2: Fly out, F3 (Popup, 3SF)
|
Batting: RHB Chet White
|
0-0: Called Strike 0-1: Ball 1-1: Ball 2-1: Foul Ball, location: 2F 2-2: Ball 3-2: Strikes out swinging
|
Pinch Hitting: RHB Eric Black
|
0-0: Ball 1-0: Called Strike 1-1: Called Strike 1-2: Ball 2-2: SOLO HOME RUN (Flyball, 7LD), Distance : 333 ft
|
Batting: RHB Gary Roberts
|
0-0: Swinging Strike 0-1: SINGLE (Line Drive, 5D)
|
Batting: RHB Juan Martínez
|
0-0: Called Strike 0-1: Called Strike 0-2: Strikes out swinging
|
Bottom of the 8th over - 1 run, 2 hits, 0 errors, 1 left on base; Red Deer 6 - Bismarck 7 |
TOP OF THE 9TH |
Red Deer Wranglers batting - Pitching for Bismarck Barons : RHP Jorge Ruíz
|
Now in LF: Felipe Domínguez
|
|
Batting: LHB Francisco Blanco
|
0-0: Swinging Strike 0-1: Swinging Strike 0-2: Ball 1-2: Ground out 6-3 (Groundball, 6M)
|
Batting: RHB Xavier López
|
0-0: Fly out, F8 (Flyball, 89D)
|
Batting: RHB Julián García
|
0-0: Ball 1-0: Foul Ball, location: 2F 1-1: Ball 2-1: Called Strike 2-2: Foul Ball, location: 2F 2-2: Ball 3-2: Foul Ball, location: 2F 3-2: SOLO HOME RUN (Flyball, 7LD), Distance : 325 ft
|
Batting: RHB Steve Burton
|
0-0: Ball 1-0: Swinging Strike 1-1: Called Strike 1-2: Ball 2-2: Ball 3-2: Strikes out swinging
|
Top of the 9th over - 1 run, 1 hit, 0 errors, 0 left on base; Red Deer 7 - Bismarck 7 |
BOTTOM OF THE 9TH |
Bismarck Barons batting - Pitching for Red Deer Wranglers : RHP Bernardo García
|
Batting: LHB Ralph Jackson
|
0-0: Called Strike 0-1: Foul Ball, location: 2F 0-2: Ball 1-2: Ball 2-2: Foul Ball, location: 2F 2-2: Ball 3-2: Foul Ball, location: 2F 3-2: SINGLE (Groundball, 34D)
|
Pinch Hitting: RHB Jonathan Jackson
|
0-0: Fly out, F9 (Flyball, 9D)
|
Batting: RHB Luis Cherena
|
0-0: Called Strike 0-1: Ball 1-1: Ball 2-1: Called Strike 2-2: Ball 3-2: Base on Balls Ralph Jackson to second
|
Batting: RHB Carlos García
|
0-0: Called Strike 0-1: Called Strike 0-2: Ball 1-2: Foul Ball, location: 2F 1-2: Fly out, F9 (Flyball, 9S)
|
Batting: RHB Vincente Ramírez
|
0-0: Called Strike 0-1: Called Strike 0-2: Ball 1-2: SINGLE (Groundball, 56D) Ralph Jackson to third Luis Cherena to second Runner from 3rd tries for Home, SAFE, throw made home
|
Saturday, April 7th, 2018 - OOTP Baseball 18.8 Build 76
|
|